 Dungeon Crawl Stone Soup version 0.18-a0-1805-g8ab820f (webtiles) character file.

57215 epen the Grappler (level 14, -1/133 HPs)
             Began as a Troll Monk on Apr 25, 2016.
             Was the Champion of Cheibriados.
             Slain by a black mamba (18 damage)
             ... while paralysed by Rupert
             ... on level 6 of the Lair of Beasts.
             The game lasted 00:34:14 (13088 turns).

epen the Grappler (Troll Monk)                     Turns: 13088, Time: 00:34:14

Health: -1/133     AC: 12    Str: 37    XL:     14   Next: 44%
Magic:  19/19      EV:  1    Int: 27    God:    Cheibriados [******]
Gold:   900        SH:  0    Dex: 29    Spells: 1 memorised, 15 levels left

rFire  . . .     SeeInvis .       - Unarmed
rCold  + + .     Gourm    +     X - +2 robe {rC+}
rNeg   . . .     Faith    .     (no shield)
rPois  .         Spirit   .     (helmet restricted)
rElec  .         Dismiss  .     v - +4 cloak of the Moon {Int+4}
rCorr  .         Reflect  .     (gloves unavailable)
SustAt .         Harm     .     (boots unavailable)
MR     +....                    c - amulet of regeneration
Stlth  +++.......               C - ring of protection from cold
                                n - ring of flight

@: paralysed, lethally poisoned (-1 -> -10), studying Ice Magic, very slow,
somewhat resistant to hostile enchantments, fairly stealthy
A: unfitting armour, claws 3, fast metabolism 3, gourmand, mutation resistance
1, regeneration 2, shaggy fur 1, tough skin 2
a: Bend Time, Temporal Distortion, Slouch, Step From Time, Renounce Religion,
Evoke Flight


You were on level 6 of the Lair of Beasts.
You worshipped Cheibriados.
Cheibriados was exalted by your worship.
You were completely stuffed.

You visited 2 branches of the dungeon, and saw 17 of its levels.
You also visited: Sewer and Ice Cave.

You collected 900 gold pieces.

Inventory:

Armour
 a - a +1 robe
 t - a +0 cloak
 v - the +4 cloak of the Moon (worn) {Int+4}
   (You acquired it in a sewer)

   It affects your intelligence (+4).
 L - a +0 steam dragon armour
 X - a +2 robe of cold resistance (worn)
Jewellery
 c - an amulet of regeneration (around neck)
 n - a ring of flight (left claw)
 w - an uncursed ring of ice
 z - an uncursed ring of stealth
 C - a ring of protection from cold (right claw)
 H - an uncursed ring of fire
Wands
 q - a wand of digging (22/24)
 J - a wand of teleportation (6/9)
 K - a wand of digging (8/24)
Scrolls
 d - a scroll of amnesia
 e - 5 scrolls of noise
 g - 3 scrolls of magic mapping
 k - 2 scrolls of immolation
 s - 2 scrolls of teleportation
 u - 2 scrolls of remove curse
 y - 3 scrolls of random uselessness
 D - a scroll of enchant armour
 O - a scroll of fear
 P - a scroll of blinking
Potions
 f - 6 potions of brilliance
 h - 10 potions of curing
 j - 2 potions of flight {unknown}
 o - 6 potions of haste
 p - 4 potions of lignification
 A - 5 potions of might
 B - 7 potions of agility
 M - a potion of degeneration {unknown}
 Q - a potion of magic {unknown}
 R - a potion of heal wounds {unknown}
 U - 2 potions of mutation {unknown}
Books
 m - a Young Poisoner's Handbook

   Spells                             Type                      Level
   a - Sting                          Conjuration/Poison           1
   b - Cure Poison                    Poison                       2
   c - Mephitic Cloud                 Conjuration/Poison/Air       3
   d - Olgreb's Toxic Radiance        Poison                       4
   e - Venom Bolt                     Conjuration/Poison           5
 E - a book of Changes

   Spells                             Type                      Level
   a - Beastly Appendage              Transmutation                1
   b - Sticks to Snakes               Transmutation                2
   c - Spider Form                    Transmutation/Poison         3
   d - Ice Form                       Ice/Transmutation            4
   e - Blade Hands                    Transmutation                5
 F - a manual of Ice Magic
 G - a book of Maledictions

   Spells                             Type                      Level
   a - Corona                         Hexes                        1
   b - Ensorcelled Hibernation        Hexes/Ice                    2
   c - Confuse                        Hexes                        3
   d - Tukima's Dance                 Hexes                        3
   e - Dazzling Spray                 Conjuration/Hexes            3
 N - a book of Power

   Spells                             Type                      Level
   a - Fulminant Prism                Conjuration/Hexes            4
   b - Iskenderun's Mystic Blast      Conjuration                  4
   c - Venom Bolt                     Conjuration/Poison           5
   d - Bolt of Magma                  Conjuration/Fire/Earth       5
   e - Iron Shot                      Conjuration/Earth            6
   f - Orb of Destruction             Conjuration                  7
   g - Spellforged Servitor           Conjuration/Summoning        7
 T - a book of the Warp

   Spells                             Type                      Level
   a - Recall                         Summoning/Translocation      3
   b - Gell's Gravitas                Hexes/Translocation          3
   c - Force Lance                    Conjuration/Translocation    4
   d - Warp Weapon                    Charms/Translocation         5
   e - Summon Forest                  Summoning/Translocation      5
 V - a manual of Ice Magic
Miscellaneous
 I - a box of beasts
Comestibles
 b - 11 bread rations
 i - 3 meat rations
 l - 18 fruits
 r - 2 beef jerkies
 x - 4 slices of pizza
 S - 3 royal jellies
 W - 9 chunks of flesh


   Skills:
 + Level 7.2 Fighting
 + Level 4.9 Armour
 * Level 10.1 Dodging
 - Level 1.1 Stealth
 * Level 12.2 Unarmed Combat
 + Level 3.8 Spellcasting
 * Level 6.9 Transmutations
 * Level 9.1 Invocations


You had 15 spell levels left.
You knew the following spells:

 Your Spells              Type           Power        Failure   Level  Hunger
a - Blade Hands           Trmt           #####.....   17%         5    #####..


Dungeon Overview and Level Annotations

Branches:
Dungeon (12/15)            Temple (0/1) D:7            Lair (6/8) D:9
    Orc (0/2) D:9
  Swamp: Lair:3-6    Shoals: Lair:3-6     Snake: Lair:3-6    Spider: Lair:3-6
  Slime: Lair:6-8

Altars:
Cheibriados
Dithmenos
Fedhas
Gozag
Kikubaaqudgha
Makhleb
Nemelex Xobeh
Okawaru
Pakellas
Ru
Sif Muna
Trog
Vehumet
Xom
Zin
The Shining One
Beogh

Portals:
Trove: D:11 (give +3 storm dragon armour)

Annotations:
D:12 Sonja
Lair:6 Rupert


Innate Abilities, Weirdness & Mutations

You are too large for most types of armour.
You have claws for hands.
Your metabolism is lightning-fast.
You like to eat raw meat.
You heal very quickly.
You are covered in fur (AC +1).
You have very tough skin (AC +2).
You are somewhat resistant to further mutation.


Message History

You feel very sick. The black mamba misses you.
The black mamba bites you but does no damage.
Rupert roars wildly at you.
You suddenly lose the ability to move!
The black mamba bites you!!
You feel sick. The black mamba bites you.
* * * LOW HITPOINT WARNING * * *
The black mamba bites you.
* * * LOW HITPOINT WARNING * * *
You feel sick. The black mamba bites you.
* * * LOW HITPOINT WARNING * * *
The black mamba bites you!
* * * LOW HITPOINT WARNING * * *
You are more poisoned.
The black mamba poisons you!
You feel sick. The black mamba barely misses you.
You feel sick.
The black mamba bites you but does no damage.
The black mamba bites you!!
You die...

#......§;;§.§....
..................
..................
..P................ ##.
.P.........<......$ ##...
........#.P.......
...P.##..#....†........
##..##.#...#.@....#.....
.###...#.......#@S.#..#....
.......##..............$...
......#.............##....
...................P.......
................#..........
..................†........
..###.........#..†#.......
# ##............÷.......
#.........#.#.†..P....


You could see Rupert and a black mamba.

Vanquished Creatures
  The ghost of Denapoli the Cleaver, a novice FoFi of Okawaru (D:9)
  Nergalle (D:10)
  Pikel (D:6)
  2 hill giants
  A necromancer (IceCv)
  An ugly thing (D:11)
  A griffon (Lair:6)
  2 black mambas
  3 elephants (Lair:4)
  An ice statue (IceCv)
  Joseph (D:10)
  3 spiny frogs
  2 komodo dragons
  10 freezing wraiths (IceCv)
  2 two-headed ogres
  16 blink frogs
  A wraith (D:11)
  25 yaks
  A steam dragon (D:11)
  5 hippogriffs
  A hungry ghost (D:11)
  A death yak simulacrum (IceCv)
  6 water moccasins
  7 porcupines
  3 sky beasts
  8 ice beasts
  3 orc warriors
  A slave (D:6)
  3 black bears
  2 phantoms
  A necrophage (D:10)
  An eye of draining (D:11)
  5 crocodiles
  5 ogres
  5 centaurs
  A big kobold (Sewer)
  A gnoll sergeant (D:9)
  9 giant frogs
  4 scorpions
  9 killer bees (D:10)
  3 wights (D:10)
  A howler monkey (D:6)
  An electric eel (Lair:2)
  A giant frog zombie (D:6)
  3 crimson imps
  A wasp zombie (D:8)
  2 centaur zombies
  7 draconian simulacra (IceCv)
  3 jellies
  5 hounds
  5 orc priests
  2 centaur skeletons
  4 giant frog skeletons
  9 orc wizards
  2 iguanas
  A spriggan simulacrum (IceCv)
  14 worker ants
  2 polar bear simulacra (IceCv)
  A wolf simulacrum (IceCv)
  2 troll simulacra (IceCv)
  7 sheep (Lair:3)
  2 centaur simulacra (IceCv)
  A hound zombie (D:11)
  A worker ant zombie (D:5)
  8 gnolls
  5 naga simulacra (IceCv)
  3 ogre simulacra (IceCv)
  18 adders
  28 river rats
  2 shadow imps
  12 white imps (IceCv)
  An ooze (Sewer)
  4 worms
  3 dart slugs
  7 giant geckos
  34 orcs
  5 ball pythons (Sewer)
  3 giant cockroaches
  14 goblins
  8 hobgoblins
  8 jackals
  15 kobolds (Sewer)
  6 quokkas
  8 bats
  A giant gecko skeleton (D:6)
  3 giant newts (D:1)
  A quokka skeleton (D:9)
  A quokka zombie (D:8)
  34 rats
468 creatures vanquished.

Vanquished Creatures (others)
  A howler monkey skeleton (D:6)
  An adder (D:6)
  3 orcs (D:6)
  9 fungi
  2 plants
16 creatures vanquished.

Grand Total: 484 creatures vanquished

Notes
Turn   | Place    | Note
--------------------------------------------------------------
     0 | D:1      | epen the Troll Monk began the quest for the Orb.
     0 | D:1      | Reached XP level 1. HP: 22/22 MP: 0/0
   175 | D:1      | Reached XP level 2. HP: 29/29 MP: 1/1
   556 | D:2      | Found a faded altar to an unknown god.
   601 | D:2      | Reached XP level 3. HP: 33/36 MP: 2/2
   906 | D:2      | Reached XP level 4. HP: 35/44 MP: 3/3
  1040 | D:2      | Found an iron altar of Okawaru.
  1089 | D:2      | Found a glowing silver altar of Zin.
  1154 | D:2      | Found a snail-covered altar of Cheibriados.
  1160 | D:2      | Became a worshipper of Cheibriados the Contemplative
  1160 | D:2      | Reached * piety under Cheibriados
  1160 | D:2      | Reached ** piety under Cheibriados
  1329 | D:3      | Found an opulent altar of Gozag.
  1774 | D:3      | Reached skill level 5 in Unarmed Combat
  1777 | D:3      | Found an oddly glowing altar of Pakellas.
  1783 | D:3      | Found a sacrificial altar of Ru.
  1885 | D:3      | Found a deep blue altar of Sif Muna.
  1906 | D:3      | Reached XP level 5. HP: 37/53 MP: 2/4
  1944 | D:3      | Identified Sif Muna's Compendium of Calling
  2058 | D:3      | Found a burning altar of Makhleb.
  2058 | D:3      | Noticed a balrug
  2242 | D:4      | Reached *** piety under Cheibriados
  2354 | D:4      | Reached XP level 6. HP: 44/61 MP: 5/5
  2564 | D:4      | Found a radiant altar of Vehumet.
  2662 | D:5      | Entered Level 5 of the Dungeon
  2673 | D:5      | Reached skill level 6 in Unarmed Combat
  2758 | D:5      | Reached XP level 7. HP: 63/68 MP: 6/6
  2889 | D:5      | Found a glowing golden altar of the Shining One.
  3374 | D:5      | Reached **** piety under Cheibriados
  3503 | D:6      | Found a glowing drain.
  3510 | Sewer    | Entered a sewer
  3666 | Sewer    | Reached skill level 7 in Unarmed Combat
  3669 | Sewer    | Reached skill level 5 in Dodging
  3718 | Sewer    | Reached ***** piety under Cheibriados
  3899 | Sewer    | Identified a scroll of acquirement
  3900 | Sewer    | Got a heavily runed cloak
  3911 | Sewer    | Identified the +4 cloak of the Moon {Int+4} (You acquired it in a sewer)
  4016 | D:6      | Noticed Pikel
  4026 | D:6      | Reached skill level 1 in Invocations
  4026 | D:6      | Reached XP level 8. HP: 70/78 MP: 7/7
  4031 | D:6      | Killed Pikel
  4070 | D:6      | Reached skill level 8 in Unarmed Combat
  4141 | D:6      | Found an ancient bone altar of Kikubaaqudgha.
  4269 | D:6      | Reached XP level 9. HP: 85/85 MP: 10/10
  4918 | D:7      | Reached skill level 5 in Fighting
  5034 | D:7      | Found a staircase to the Ecumenical Temple.
  5097 | D:7      | Gained mutation: You are somewhat resistant to further mutation. [mutagenic meat]
  5338 | D:7      | Found a glowing golden altar of the Shining One.
  5354 | D:7      | Learned a level 5 spell: Blade Hands
  5469 | D:8      | Found a sparkling altar of Nemelex Xobeh.
  5614 | D:8      | Reached skill level 9 in Unarmed Combat
  5614 | D:8      | Reached skill level 1 in Transmutations
  5638 | D:8      | Reached ****** piety under Cheibriados
  5805 | D:8      | Found a bloodstained altar of Trog.
  6181 | D:9      | Found a shadowy altar of Dithmenos.
  6190 | D:9      | Reached skill level 1 in Spellcasting
  6319 | D:9      | Noticed Denapoli's ghost (novice FoFi)
  6375 | D:9      | Found a shimmering altar of Xom.
  6400 | D:9      | Reached XP level 10. HP: 96/96 MP: 12/12
  6407 | D:9      | Found a blossoming altar of Fedhas.
  6459 | D:9      | Reached skill level 5 in Invocations
  6490 | D:9      | Found a staircase to the Orcish Mines.
  6546 | D:9      | Found a roughly hewn altar of Beogh.
  6582 | D:9      | Found a blossoming altar of Fedhas.
  6794 | D:9      | Killed Denapoli's ghost
  6794 | D:9      | Reached skill level 1 in Armour
  6829 | D:9      | Found a staircase to the Lair.
  7086 | D:10     | Entered Level 10 of the Dungeon
  7248 | D:10     | Noticed Nergalle
  7288 | D:10     | Killed Nergalle
  7642 | D:10     | Noticed a hill giant
  7651 | D:10     | Killed a hill giant
  7651 | D:10     | Reached skill level 10 in Unarmed Combat
  8181 | D:10     | Reached XP level 11. HP: 105/105 MP: 14/14
  8288 | D:10     | Noticed Joseph
  8295 | D:10     | Killed Joseph
  8495 | D:11     | Noticed a cyan ugly thing
  8572 | D:11     | Noticed a hill giant
  8578 | D:11     | Killed a hill giant
  8603 | D:11     | Killed a cyan ugly thing
  8690 | D:11     | Found a portal to a secret trove of treasure.
  9245 | Lair:1   | Entered Level 1 of the Lair of Beasts
 10378 | D:12     | Noticed Sonja
 10378 | D:12     | Noticed a death knight
 10378 | D:12     | Noticed a skeletal warrior
 10378 | D:12     | Noticed a skeletal warrior
 10569 | Lair:2   | Reached skill level 5 in Transmutations
 10623 | Lair:2   | Found a radiant altar of Vehumet.
 11154 | Lair:2   | Reached XP level 12. HP: 108/114 MP: 16/16
 11194 | Lair:3   | Reached skill level 11 in Unarmed Combat
 11194 | Lair:3   | Reached XP level 13. HP: 123/123 MP: 17/17
 11195 | Lair:3   | Reached XP level 14. HP: 131/131 MP: 17/19
 12265 | Lair:4   | You fall through a shaft for 2 floors!
 12267 | Lair:6   | Found a frozen archway.
 12276 | IceCv    | Entered an ice cave
 12356 | IceCv    | Reached skill level 12 in Unarmed Combat
 12500 | IceCv    | Found an ancient bone altar of Kikubaaqudgha.
 12789 | IceCv    | Reached skill level 10 in Dodging
 13079 | Lair:6   | Noticed Rupert
 13084 | Lair:6   | Paralysed by Rupert for 7 turns
 13088 | Lair:6   | Slain by a black mamba

Vault maps used:
D:1:      shiori_shiawase
D:2:      zin_statuary, okawaru_metal_pillars_1_2, kennysheep_slug_shrine,
          ecumenical_altar_2
D:3:      makhleb_altar_promises_db,
          nicolae_gozag_cash_rules_everything_around_me,
          amethyst_overflow_temple_binary, first_bread, led_sif_book
D:4:      marbit_many_paths
D:5:      kennysheep_little_box, kennysheep_generic_room_16
D:6:      lemuel_doored_altar, lightli_sewer_entry_pipes, uniq_pikel
D:7:      temple_pool_b, nicolae_tso_swordbearing_angel
D:8:      nemelex_xobeh_ov_fountains_minmay, bloody_trog
D:9:      kennysheep_steamy, xom_teletrap_fun, nicolae_dithmenos_the_darkroom,
          old_standard_altar, minmay_orc_entry_temple_small,
          hangedman_tree_tricks
D:10:     uniq_joseph, uniq_nergalle
D:11:     nicolae_trove_entry_crossroad
D:12:     giant_chief_lemuel, uniq_gastronok, uniq_josephine, uniq_sonja,
          uniq_urug
Lair:1:   grunt_megastairs_5
Lair:2:   basic_altar, serial_bayou_shore_a
Lair:3:   infiniplex_staircase_pool
Lair:4:   basic_altar, serial_bayou_crossing
Lair:6:   wad_woods_tower, minmay_swamp_entry_eels,
          portal_ice_cave_entry_pillars_01, uniq_rupert
Sewer:    sewer_minmay_treatment
IceCv:    ice_cave_small_necro

Skill      XL: |  1  2  3  4  5  6  7  8  9 10 11 12 13 14 |
---------------+-------------------------------------------+-----
Dodging        | 3 4 5 6 7 8 9 10 | 10.1
Fighting       | 3 4 5 6 7 |  7.2
Unarmed Combat | 5 6 7 8 9 10 11 12 | 12.2
Invocations    | 1 3 4 6 7 8 9 |  9.1
Transmutations | 1 3 5 6 |  6.9
Spellcasting   | 1 2 3 |  3.8
Armour         | 2 3 4 |  4.9
Stealth        | |  1.1

Action                   |  1- 3 |  4- 6 |  7- 9 | 10-12 | 13-15 || total
-------------------------+-------+-------+-------+-------+-------++-------
Melee: Unarmed           |    85 |   187 |   324 |   374 |   296 ||  1266
       Punch             |     3 |     2 |    20 |    33 |    27 ||    85
Invok: Slouch            |       |       |       |     1 |     1 ||     2
 Abil: Evoke Flight      |       |     2 |       |       |       ||     2
  Use: Scroll            |       |     8 |     7 |    11 |       ||    26
       Potion            |       |       |       |     1 |     1 ||     2
 Stab: Sleeping          |     1 |     2 |    17 |     7 |     4 ||    31
       Distracted        |       |       |       |     1 |       ||     1
  Eat: Pizza             |     1 |       |       |       |       ||     1
       Chunk             |     8 |    16 |    30 |    30 |    20 ||   104
Armor: Robe              |    25 |    61 |   123 |    51 |    16 ||   276
       Steam dragon armo |       |       |       |    26 |    73 ||    99
Dodge: Dodged            |    45 |   127 |   279 |   329 |   384 ||  1164
